 Dungeon Crawl Stone Soup version 0.30-a0-404-g0b3c3f4973 (webtiles) character file.

Game seed: 4980076337106755429

76 vineage the Trooper (level 4, -2/50 HPs)
             Began as an Ogre Fighter on Dec 7, 2022.
             Killed from afar by an orc wizard (7 damage)
             ... with a puff of flame
             ... on level 3 of the Dungeon.
             The game lasted 00:01:21 (1844 turns).

vineage the Trooper (Ogre Fighter)                  Turns: 1844, Time: 00:01:23

Health: -2/50      AC:  3    Str: 22    XL:     4   Next: 32%
Magic:  4/4        EV:  8    Int:  9    God:
Gold:   122        SH:  7    Dex:  8    Spells: 3/3 levels left

rFire   . . .      SeeInvis .    a - +0 flail
rCold   . . .      Faith    .    c - +0 kite shield
rNeg    . . .      Spirit   .    b - +0 robe
rPois   .          Reflect  .    (helmet restricted)
rElec   .          Harm     .    (no cloak)
rCorr   .          Rampage  .    (gloves unavailable)
Will    .....                    (boots unavailable)
Stlth   +.........               (no amulet)
HPRegen 0.28/turn                (no ring)
MPRegen 0.09/turn                (no ring)

@: no status effects
A: large, unfitting armour, tough skin 1
a: no special abilities


You were on level 3 of the Dungeon.
You visited 1 branch of the dungeon, and saw 3 of its levels.

You collected 122 gold pieces.

Inventory:

Hand Weapons
 a - a +0 flail (weapon)
Armour
 b - a +0 robe (worn)
 c - a +0 kite shield (worn)
Scrolls
 e - a scroll of noise
 h - a scroll of fear
Potions
 d - a potion of might
 f - 2 potions of heal wounds
 g - a potion of cancellation {unknown}
 i - a potion of berserk rage {unknown}


   Skills:
 * Level 5.2 Fighting
 + Level 2.3 Maces & Flails
 + Level 3.1 Dodging
 + Level 3.4 Shields


You had 3 spell levels left.
You didn't know any spells.
Your spell library contained the following spells:

 Spells                   Type           Power      Damage    Failure   Level
 Blink                    Tloc           0%         N/A       82%         2
 Ensorcelled Hibernation  Hex/Ice        0%         N/A       82%         2
 Momentum Strike          Conj/Tloc      0%         3d8       82%         2
 Passwall                 Tmut/Erth      0%         N/A       82%         2
 Lesser Beckoning         Tloc           0%         N/A       96%         3
 Swiftness                Air            0%         N/A       96%         3


Dungeon Overview and Level Annotations

Branches:
Dungeon (3/15)

Altars:


Innate Abilities, Weirdness & Mutations

You are too large for most types of armour.
You have tough skin. (AC +1)


Message History

The orc wizard hits you with a +0 dagger.
You block the orc's attack.
You barely miss the orc wizard.
The orc wizard is heavily wounded.
You block the orc's attack.
The orc wizard hits you with a +0 dagger.
You closely miss the orc wizard.
The orc wizard is heavily wounded.
The orc hits you from afar with a +0 trident.
The orc wizard gestures wildly while chanting.
The orc wizard flickers and vanishes!
Deactivating autopickup; reactivate with Ctrl-A.
Something hits you.
The orc hits you from afar with a +0 trident!
* * * LOW HITPOINT WARNING * * *
You miss something.
The orc hits you from afar with a +0 trident.
* * * LOW HITPOINT WARNING * * *
Something hits you but does no damage.
You miss something. You block the orc's attack.
Something hits you but does no damage.
You hit something. You block the orc's attack.
Something hits you but does no damage.
The orc hits you from afar with a +0 trident.
* * * LOW HITPOINT WARNING * * *
Something hits you.
* * * LOW HITPOINT WARNING * * *
You hit something but do no damage.
The orc hits you from afar with a +0 trident.
* * * LOW HITPOINT WARNING * * *
You hear some strange, mumbled words.
A puff of flame appears from out of thin air!
You block the puff of flame.
You miss something.
The orc hits you from afar with a +0 trident.
* * * LOW HITPOINT WARNING * * *
You hear some strange, mumbled words.
A puff of flame appears from out of thin air!
The puff of flame hits you!
You die...

...^ ...### #
.....
#.#######...###
..............!
...............
#....oo.......
######{#...#.#
#@#


oo... #.# o#.# #.# # # #.......# ###...### ..!.# ###.# . You could see 2 orcs.

Vanquished Creatures
  2 adders (D:2)
  A worm (D:2)
  An orc (D:3)
  6 ball pythons
  6 bats
  5 endoplasms
  A giant cockroach (D:1)
  5 hobgoblins
  7 jackals
  A quokka (D:2)
  3 frilled lizards
  3 goblins (D:2)
  4 kobolds
  3 rats
48 creatures vanquished.

Notes
Turn   | Place    | Note
-------+----------+-------------------------------------------
     0 | D:1      | vineage the Ogre Fighter began the quest for the Orb.
     0 | D:1      | Reached XP level 1. HP: 24/24 MP: 1/1
   119 | D:1      | Reached XP level 2. HP: 27/32 MP: 2/2
   567 | D:1      | Reached XP level 3. HP: 37/40 MP: 3/3
   835 | D:1      | Found a faded altar of an unknown god.
  1367 | D:2      | Reached skill level 5 in Fighting
  1549 | D:2      | Reached XP level 4. HP: 47/50 MP: 4/4
  1844 | D:3      | Killed from afar by an orc wizard

Illustrated notes

Levels and vault maps discovered:
D:1:      enne_arrival_octagon_isle, layout_loops_corners,
          ebering_ecumenical_altar_mist, nrook_campfire
D:2:      layout_basic, corexii_shack, minmay_split_cup_small
D:3:      layout_loops_cross, serial_shops,
          nicolae_shop_competitors_out_of_business, nicolae_shop_behind_doors,
          nicolae_shop_waterfront, uniq_crazy_yiuf_cottage

Skill      XL: |  1  2  3 |
---------------+----------+-----
Maces & Flails | 2 |  2.3
Dodging        | 3 |  3.1
Fighting       | 5 |  5.2
Shields        | |  3.4

Action                   |  1- 3 |  4- 6 || total
-------------------------+-------+-------++-------
Melee: Flail             |   143 |    30 ||   173
  Use: Scroll            |       |     4 ||     4
Armor: Robe              |    60 |    14 ||    74
Dodge: Dodged            |    76 |    13 ||    89
Block: Kite shield       |    64 |    19 ||    83

Table legend: (Time is in decaauts)
 A = Elapsed time spent in this place.
 B = Non-inter-level travel time spent in this place.
 C = Inter-level travel time spent in this place.
 D = Time resting spent in this place.
 E = Time spent auto-exploring this place.
 F = Levels seen in this place.
 G = Mean time per level.
                   A        B        C        D        E       F      G
               +--------+--------+--------+--------+--------+-----+--------+
         Total |   1917 |   1832 |     85 |      0 |   1454 |   3 |  639.0 |
       Dungeon |   1917 |   1832 |     85 |      0 |   1454 |   3 |  639.0 |
               +--------+--------+--------+--------+--------+-----+--------+

Top non-repeatable levels by time:
     D:1: 1010 daAuts
     D:2: 880 daAuts
     D:3: 26 daAuts
